 Dungeon Crawl Stone Soup version 0.21-a0-150-gc243083 (webtiles) character file.

11722 AverageBear the Nimble (level 11, -1/63 HPs)
             Began as a Deep Elf Fighter on July 28, 2017.
             Was a Believer of Ashenzari.
             Killed from afar by Josephine (19 damage)
             ... with a ghostly fireball
             ... on level 10 of the Dungeon.
             The game lasted 00:17:01 (10353 turns).

AverageBear the Nimble (Deep Elf Fighter)          Turns: 10353, Time: 00:17:02

Health: -1/63      AC: 16    Str: 18    XL:     11   Next: 53%
Magic:  0/13       EV: 21    Int: 16    God:    Ashenzari [**....]
Gold:   717        SH:  5    Dex: 14    Spells: 10/10 levels left

rFire    . . .     SeeInvis .   a - +3 rapier (venom) (curse)
rCold    . . .     Gourm    .   H - +0 buckler
rNeg     . . .     Faith    .   h - +2 ring mail "Xavaa" {*Contam rElec Int+6}
rPois    +         Spirit   +   (helmet restricted)
rElec    +         Reflect  .   R - +2 cloak (curse)
rCorr    .         Harm     .   D - +0 pair of gloves (curse)
MR       +....     Clarity  +   u - +1 pair of boots (curse)
Stlth    ++........             j - amulet of guardian spirit
HPRegen  0.20/turn              J - +3 ring of evasion
MPRegen  0.13/turn              m - ring of poison resistance

@: heavily drained
A: beak, talons 1, clarity, dopey 2, robust 1, shaggy fur 1, strong 1
a: Curse Item, Scrying, Renounce Religion


You were on level 10 of the Dungeon.
You worshipped Ashenzari.
Ashenzari was pleased with you.
You were not hungry.

You visited 2 branches of the dungeon, and saw 11 of its levels.
You also visited: Ossuary.

You collected 929 gold pieces.
You spent 212 gold pieces at shops.

Inventory:

Hand Weapons
 a - a cursed +3 rapier of venom (weapon)
 g - a +2 dagger of flaming
 r - the +1 long sword of Fee Simple {speed, Int+4}
   (You bought it in a shop on level 5 of the Dungeon)

   Attacks with this weapon are significantly faster.
   It affects your intelligence (+4).
 x - a +1 dagger of venom
Missiles
 M - a throwing net (quivered)
Armour
 b - a +0 scale mail
 c - a +0 shield
 h - the +2 ring mail "Xavaa" (worn) {*Contam rElec Int+6}
   (You found it on level 4 of the Dungeon)

   It affects your intelligence (+6).
   It insulates you from electricity.
   It causes magical contamination when unequipped.
 u - a cursed +1 pair of boots (worn)
 D - a cursed +0 pair of gloves (worn)
 E - a cursed +0 helmet
 H - a +0 buckler (worn)
 R - a cursed +2 cloak (worn)
Jewellery
 e - a +2 ring of strength
 j - an amulet of guardian spirit (around neck)
 m - a ring of poison resistance (right hand)
 B - an uncursed ring of see invisible
 G - an uncursed ring of wizardry
 J - a +3 ring of evasion (left hand)
Wands
 s - a wand of iceblast (7/15)
 y - a wand of random effects (36/48)
 C - a wand of acid (2/15)
 N - a wand of iceblast (7/15)
 O - a wand of lightning (3/15)
 S - a wand of digging (16/24)
Scrolls
 d - 3 scrolls of teleportation
 n - 2 scrolls of recharging
 t - a scroll of identify
 A - 5 scrolls of immolation
 K - a scroll of vulnerability
 L - a scroll of amnesia
 P - 3 scrolls of blinking
Potions
 k - a potion of invisibility
 o - a potion of heal wounds
 v - a potion of resistance
 w - 2 potions of magic
 z - 2 potions of curing
 F - 2 potions of brilliance
 Q - 2 potions of might
Books
 q - a book of Beasts

   Spells                             Type                      Level
   a - Summon Butterflies             Summoning                    1
   b - Call Canine Familiar           Summoning                    3
   c - Summon Ice Beast               Ice/Summoning                4
   d - Summon Mana Viper              Hexes/Summoning              5
   e - Summon Hydra                   Summoning                    7
Comestibles
 f - 6 bread rations
 l - 19 fruits
 p - 6 meat rations
 I - 7 royal jellies


   Skills:
 - Level 2.4(0.9) Fighting
 - Level 10.0(10.2) Short Blades
 - Level 3.4(1.9) Throwing
 - Level 6.0(5.8) Armour
 - Level 12.3(11.6) Dodging
 - Level 5.2(3.7) Stealth
 - Level 7.0(5.4) Shields
 + Level 0.0 Spellcasting


You had 10 spell levels left.
You didn't know any spells.

Dungeon Overview and Level Annotations

Branches:
Dungeon (10/15)            Temple (1/1) D:5
   Lair: D:8-11         Orc: D:9-12

Altars:
Ashenzari
Cheibriados
Dithmenos
Elyvilon
Fedhas
Gozag
Hepliaklqana
Kikubaaqudgha
Makhleb
Nemelex Xobeh
Okawaru
Qazlal
Ru
Sif Muna
Trog
Uskayaw
Vehumet
Wu Jian
Xom
Yredelemnul
Zin
The Shining One

Shops:
D:5 (

Annotations:
D:10 Josephine


Innate Abilities, Weirdness & Mutations

You have a beak for a mouth.
You have sharp toenails.
You possess an exceptional clarity of mind.
You are very dopey. (Int -4)
You are robust. (+10% HP)
You are covered in fur. (AC +1)
Your muscles are strong. (Str +2)


Message History

You barely miss Josephine. Your peck misses Josephine.
Josephine is heavily wounded.
You puncture Josephine!
Josephine is heavily wounded.
You block Josephine's attack.
Josephine points at you and mumbles some strange words.
The ghostly flame explodes!
The ghostly fireball engulfs you!
You feel drained.
You hear a shout! x2
All of the chunks of flesh in your inventory have rotted away.
You see here a +0 trident.
You hit the orc warrior but do no damage.
The orc warrior is poisoned.
The orc warrior barely misses you.
The orc warrior hits you with a hand axe of chopping!
* * * LOW HITPOINT WARNING * * *
x2
Things that are here:
a +0 club; a +0 giant spiked club The orc warrior completely misses you.
Josephine casts a spell at you.
The ghostly flame explodes!
The ghostly fireball engulfs you!
You feel drained.
You die...

#..##.# ##.#)...#
#..# #..# #..##.#
####...# #..# #..#
#..##.# #...# #..#
#(.# #..##.# #...#
#..# #..# #..##.#
#..@# #..#
#..##)##### #.W.#
#..# * ,
#..##))...# ##)o.#
#..# * ,
#..##.###(###....#
#..#
#...).#$#.()..#@.#
#..# ,
#..####+####..#..#
#..# * #..#{ #^#
{#..#..# #..# ,
#..# #.# #..#..#
#..# *, #..# #.#,
#..#..# #..# ,*
#..####.####..#..#
#..# * ,
#..#o^#.#^T#..#..#
#..# *
#..####'####..#..#
#..# *
##............#..#
#..#


You could see Josephine, a wraith and an orc warrior.

Vanquished Creatures
  Gastronok (D:9)
  A hydra (D:8)
  The ghost of SkyDiva the Quickloader, a novice HuHu of Dithmenos (D:6)
  2 unseen horrors (D:10)
  Pikel (D:9)
  Maurice (D:9)
  A troll (D:10)
  2 dream sheep (D:8)
  2 hippogriffs (D:10)
  A shadow (D:10)
  2 wraiths (D:10)
  6 yaks
  A hungry ghost (D:7)
  Duvessa (D:7)
  2 orc warriors
  4 sky beasts
  A phantom (D:6)
  A black bear (D:8)
  A necrophage (D:10)
  7 ogres
  2 centaurs
  4 big kobolds
  3 elf zombies (Ossuary)
  7 bullfrogs
  Dowan (D:7)
  4 scorpions
  A wyvern skeleton (D:8)
  3 killer bees (D:9)
  A howler monkey (D:4)
  A bullfrog zombie (D:5)
  6 crimson imps
  A centaur zombie (D:7)
  2 hounds
  A human zombie (Ossuary)
  4 orc priests
  3 jellies
  3 bullfrog skeletons
  3 centaur skeletons
  Jessica (D:3)
  2 iguanas
  11 worker ants
  An orc wizard (D:3)
  A big kobold zombie (Ossuary)
  A hound zombie (D:7)
  4 mummies (Ossuary)
  A worker ant zombie (D:3)
  3 hound skeletons
  14 adders
  A shadow imp (D:6)
  2 oozes
  An adder skeleton (D:4)
  An adder zombie (D:6)
  4 worms
  14 dart slugs
  2 leopard geckos
  37 orcs
  2 giant cockroaches
  6 goblins
  7 hobgoblins
  5 jackals (D:2)
  11 kobolds
  2 quokkas (D:2)
  A ball python (D:1)
  5 bats
  8 frilled lizards
  A gnoll zombie (Ossuary)
  A goblin zombie (Ossuary)
  A hobgoblin zombie (Ossuary)
  A leopard gecko skeleton (D:5)
  2 orc zombies (Ossuary)
  A quokka zombie (D:9)
  8 rats
  2 rat zombies (Ossuary)
254 creatures vanquished.

Vanquished Creatures (others)
  A slave (D:9)
  A quasit (D:9)
  An orc wizard (D:9)
  2 orcs (D:9)
5 creatures vanquished.

Grand Total: 259 creatures vanquished

Notes
Turn   | Place    | Note
-------+----------+-------------------------------------------
     0 | D:1      | AverageBear the Deep Elf Fighter began the quest for the Orb.
     0 | D:1      | Reached XP level 1. HP: 13/13 MP: 3/3
   181 | D:1      | Reached XP level 2. HP: 11/18 MP: 4/4
   796 | D:2      | Reached XP level 3. HP: 22/22 MP: 2/5
  1363 | D:2      | Reached XP level 4. HP: 24/27 MP: 4/6
  1576 | D:3      | Noticed Jessica
  1581 | D:3      | Killed Jessica
  1581 | D:3      | Reached skill level 5 in Short Blades
  1609 | D:3      | HP: 1/27 [orc/flail (4)]
  2081 | D:3      | Reached XP level 5. HP: 26/31 MP: 7/7
  2662 | D:3      | Reached XP level 6. HP: 36/36 MP: 8/8
  2913 | D:3      | Found a faded altar of an unknown god.
  3003 | D:4      | Got an encrusted ring mail
  3014 | D:4      | Identified the +2 ring mail "Xavaa" {*Contam rElec Int+6} (You found it on level 4 of the Dungeon)
  3193 | D:4      | Reached skill level 1 in Dodging
  3200 | D:4      | Reached skill level 3 in Dodging
  3200 | D:4      | Reached XP level 7. HP: 29/40 MP: 5/9
  3354 | D:4      | Found a hide-covered altar of Uskayaw.
  3446 | D:4      | Found a basalt altar of Yredelemnul.
  3563 | D:4      | Found a stormy altar of Qazlal.
  3564 | D:4      | Found a glowing silver altar of Zin.
  3676 | D:4      | Reached skill level 4 in Dodging
  3841 | D:5      | Entered Level 5 of the Dungeon
  3870 | D:5      | Found Daodanet's Antique Weapon Boutique.
  3875 | D:5      | Bought a jewelled long sword for 212 gold pieces
  3875 | D:5      | Identified the cursed +1 long sword of Fee Simple {speed, Int+4} (You bought it in a shop on level 5 of the Dungeon)
  3962 | D:5      | Found a sand-covered staircase.
  3969 | Ossuary  | Entered an ossuary
  4022 | Ossuary  | Reached skill level 5 in Dodging
  4048 | Ossuary  | Reached skill level 6 in Dodging
  4343 | Ossuary  | Reached skill level 7 in Dodging
  4382 | Ossuary  | Reached XP level 8. HP: 26/45 MP: 7/10
  4682 | D:5      | Found a staircase to the Ecumenical Temple.
  4744 | Temple   | Entered the Ecumenical Temple
  4903 | Temple   | Became a worshipper of Ashenzari the Shackled
  4940 | D:5      | Reached skill level 8 in Dodging
  5419 | D:6      | Reached skill level 1 in Throwing
  5485 | D:6      | Found a white marble altar of Elyvilon.
  5601 | D:6      | Noticed SkyDiva's ghost (novice HuHu)
  5657 | D:6      | Killed SkyDiva's ghost
  5657 | D:6      | Reached XP level 9. HP: 30/49 MP: 4/11
  5670 | D:6      | Reached skill level 5 in Armour
  5812 | D:6      | Found a deep blue altar of Sif Muna.
  6119 | D:7      | Noticed Duvessa
  6119 | D:7      | Noticed Dowan
  6135 | D:7      | Killed Duvessa
  6148 | D:7      | Killed Dowan
  6604 | D:7      | Gained mutation: You are covered in fur. (AC +1) [mutagenic meat]
  6605 | D:7      | Gained mutation: You are dopey. (Int -2) [mutagenic meat]
  6606 | D:7      | Gained mutation: You have sharp toenails. [mutagenic meat]
  6607 | D:7      | Gained mutation: You are robust. (+10% HP) [mutagenic meat]
  6674 | D:7      | Reached skill level 5 in Shields
  6717 | D:7      | Reached * piety under Ashenzari
  7243 | D:8      | Reached XP level 10. HP: 30/59 MP: 4/12
  7419 | D:8      | Noticed a three-headed hydra
  7440 | D:8      | Killed a three-headed hydra
  7444 | D:8      | Reached skill level 5 in Stealth
  7469 | D:8      | Found a stormy altar of Qazlal.
  8150 | D:9      | Reached skill level 9 in Dodging
  8153 | D:9      | Gained mutation: You have a beak for a mouth. [mutagenic meat]
  8154 | D:9      | Gained mutation: You are very dopey. (Int -4) [mutagenic meat]
  8157 | D:9      | Gained mutation: Your muscles are strong. (Str +2) [mutagenic meat]
  8158 | D:9      | Gained mutation: You possess an exceptional clarity of mind. [mutagenic meat]
  8306 | D:9      | Noticed Pikel
  8329 | D:9      | Killed Pikel
  8329 | D:9      | Reached skill level 10 in Dodging
  8342 | D:9      | Noticed Maurice
  8380 | D:9      | Killed Maurice
  8933 | D:9      | Noticed Gastronok
  8964 | D:9      | Killed Gastronok
  8964 | D:9      | Reached skill level 12 in Dodging
  8964 | D:9      | Reached XP level 11. HP: 18/63 MP: 8/13
  9202 | D:10     | Entered Level 10 of the Dungeon
  9223 | D:10     | Reached ** piety under Ashenzari
  9385 | D:10     | Killed an unseen horror
 10175 | D:10     | Killed an unseen horror
 10327 | D:10     | Noticed Josephine
 10327 | D:10     | Reached skill level 10 in Short Blades
 10353 | D:10     | Killed from afar by Josephine

Vault maps used:
D:1:      dpeg_arrival_rooms_c, kennysheep_boxes
D:3:      kennysheep_slugbush, chequers_ecumenical_altar_grove, uniq_jessica
D:4:      yredelemnul_altar_generic, marbit_many_paths,
          gammafunk_temple_overflow_statue, minivault_5
D:5:      minmay_temple_entry_glass, serial_shops, shop,
          lightli_ossuary_entry_decrepit_ruins, first_bread
D:6:      elyvilon_altar_4, led_sif_pool, kennysheep_minor_cross
D:7:      uniq_duvessa
D:8:      hangedman_ranch, nicolae_qazlal_eye_of_the_storm
D:9:      serial_column_ruins, column_ruins_grid_1, column_ruins_open_tiny,
          column_ruins_open_medium, column_ruins_open_tiny, column_ruins_grid_1,
          uniq_maurice, uniq_pikel, uniq_gastronok
D:10:     hiddenorc1_lemuel, grunt_tough_drop, uniq_josephine
Temple:   eino_temple_scatter_basement
Ossuary:  ossuary_minmay_tomb_2a

Skill      XL: |  1  2  3  4  5  6  7  8  9 10 11 |
---------------+----------------------------------+-----
Short Blades   | 3 4 5 6 7 10 | 10.0
Dodging        | 3 7 8 12 | 12.3
Throwing       | 3 |  3.4
Armour         | 4 6 |  6.0
Shields        | 6 7 |  7.0
Stealth        | 5 |  5.2
Fighting       | |  2.4

Action                   |  1- 3 |  4- 6 |  7- 9 | 10-12 || total
-------------------------+-------+-------+-------+-------++-------
Melee: Rapier            |   133 |    54 |   449 |   418 ||  1054
       Dagger            |     7 |   220 |       |       ||   227
       Long sword        |       |       |    84 |       ||    84
       Peck              |       |       |       |    69 ||    69
Invok: Curse Item        |       |       |     3 |     2 ||     5
  Use: Potion            |     4 |     2 |     6 |     4 ||    16
       Scroll            |     2 |     7 |    11 |     4 ||    24
 Stab: Invisible         |       |       |     1 |     4 ||     5
       Sleeping          |       |       |       |     3 ||     3
       Distracted        |       |       |       |     1 ||     1
  Eat: Chunk             |     1 |     7 |    17 |    17 ||    42
       Fruit             |       |       |     3 |       ||     3
       Royal jelly       |       |       |     1 |       ||     1
Armor: Scale mail        |    89 |    65 |       |       ||   154
       Ring mail         |       |    12 |   138 |   107 ||   257
       Skin              |       |       |       |    54 ||    54
Dodge: Dodged            |    53 |    49 |   242 |   309 ||   653
Block: Shield            |    65 |    94 |   119 |       ||   278
       Buckler           |       |       |    29 |   114 ||   143
       Rpst.: Long sword |       |       |     2 |       ||     2
